Map: Ever Dream LE

Players

MarineLorD

  • Race: Terran Terran
  • League: Master
  • Spawn Location: 1:00

Astrea - Winner!

  • Race: Protoss Protoss
  • League: Master
  • Spawn Location: 7:00

Event: DreamHack SC2 Masters 2020 Fall

VOD

Have the link to the VOD?

Description

Time

  • Played on: Sept. 15, 2020, 12:21 p.m.
  • Length: 8:22

All games in this series

Show
View Real Time Build Order
Export as new Build Order

MarineLorD Terran 

Build Orders: Hellion Opening 

Get SALT Encoding   

  12  0:00  SCV  
  13  0:12  SCV  
  14  0:17  Supply Depot  
  14  0:24  SCV  
  15  0:38  SCV  
  15  0:40  Barracks  
  16  0:46  Refinery  
  16  0:50  SCV  
  17  1:02  Engineering Bay  
  17  1:03  SCV  
  18  1:15  SCV  
  19  1:29  Marine  
  19  1:30  Orbital Command  
  20  1:34  Engineering Bay  
  19  1:48  Factory  
  19  1:55  SCV  
  19  1:57  Supply Depot  
  21  2:07  SCV, Barracks Reactor  
  21  2:17  Command Center  
  21  2:19  SCV  
  22  2:31  SCV  
  22  2:35  Refinery  
  23  2:44  SCV  
  24  2:45  Starport  
  24  2:48  Hellion x2  
  27  2:54  Supply Depot  
  27  2:58  SCV  
  28  3:10  SCV  
  29  3:17  Hellion x2  
  33  3:21  Medivac  
  33  3:22  SCV  
  33  3:24  Barracks Tech Lab  
  36  3:34  SCV  
  36  3:38  Hellion x2  
  41  3:45  Orbital Command  
  41  3:54  SCV  
  42  4:06  SCV  
  42  4:08  Marine x2, Siege Tank  
  48  4:15  SCV  
  49  4:17  Supply Depot  
  49  4:18  SCV  
  50  4:30  SCV  
  48  4:31  Marine  
  48  4:32  Marine  
  48  4:37  SCV  
  47  4:43  Siege Tank  
  47  4:44  SCV  
  43  4:50  Barracks x2  
  43  4:51  Marine x2  
  43  4:54  SCV  
  43  4:56  SCV  
  45  5:06  SCV, Supply Depot  
  46  5:08  Liberator  
  46  5:09  SCV  
  46  5:12  Marine  
  51  5:17  Siege Tank  
  51  5:19  SCV  
  51  5:21  SCV  
  56  5:26  Engineering Bay  
  55  5:29  Marine  
  55  5:30  Refinery  
  55  5:31  SCV  
  55  5:33  SCV  
  56  5:43  SCV  
  56  5:44  Supply Depot, Barracks Tech Lab  
  56  5:45  SCV  
  56  5:47  Marine x2  
  60  5:52  Barracks Tech Lab  
  60  5:55  SCV  
  61  5:57  SCV  
  61  5:58  Terran Infantry Weapons Level 1  
  61  6:02  Siege Tank  
  61  6:03  Marine  
  61  6:04  Stimpack  
  66  6:07  SCV, Supply Depot, Refinery  
  66  6:08  Supply Depot  
  66  6:09  SCV  
  68  6:11  Marine x3  
  68  6:13  Combat Shield  
  71  6:19  Missile Turret  
  71  6:27  Starport Reactor  
  71  6:30  SCV x2  
  73  6:34  Marine x2  
  73  6:35  Marauder  
  73  6:36  Marauder  
  79  6:40  Supply Depot  
  79  6:46  Siege Tank  
  82  6:52  Supply Depot, Marine x2  
  84  6:56  Marauder  
  84  6:57  Marauder  
  88  7:04  Medivac  
  90  7:09  Marine  
  90  7:10  Medivac, Marine  
  91  7:23  Marauder x2  
  91  7:26  Command Center  
  95  7:31  Concussive Shells, Siege Tank  
  95  7:32  Supply Depot  
  95  7:34  SCV x2  
  100  7:45  Barracks  
  100  7:46  SCV x2, Barracks  
  100  7:52  Marauder x2, Marine x2  
  100  7:56  Supply Depot  
Show
View Real Time Build Order
Export as new Build Order

Astrea Protoss - Winner!

Build Orders: Blink Stalkers 

Get SALT Encoding   

  12  0:00  Probe  
  13  0:12  Probe  
  14  0:17  Pylon  
  14  0:24  Probe (Chrono Boost)  
  16  0:36  Probe (Chrono Boost), Gateway  
  16  0:43  Probe (Chrono Boost)  
  16  0:47  Assimilator  
  17  0:51  Probe  
  18  1:03  Probe  
  19  1:15  Probe  
  20  1:23  Cybernetics Core  
  20  1:30  Probe  
  21  1:40  Pylon  
  21  1:42  Probe  
  22  1:53  Nexus  
  22  1:56  Probe  
  22  1:58  Adept (Chrono Boost), Assimilator  
  25  2:08  Probe  
  26  2:13  Warp Gate  
  26  2:20  Probe  
  27  2:24  Stalker (Chrono Boost)  
  29  2:32  Probe  
  29  2:34  Gateway  
  30  2:44  Probe  
  30  2:46  Twilight Council  
  31  3:04  Probe, Stalker (Chrono Boost)  
  31  3:05  Probe  
  35  3:16  Probe  
  35  3:17  Probe  
  35  3:19  Pylon  
  37  3:24  Stalker (Chrono Boost)  
  37  3:25  Stalker (Chrono Boost)  
  39  3:28  Probe  
  39  3:29  Probe  
  43  3:37  Pylon  
  43  3:38  Blink (Chrono Boost)  
  43  3:41  Probe  
  44  3:42  Probe  
  45  3:53  Probe  
  45  3:54  Probe  
  47  4:04  Robotics Facility  
  47  4:05  Probe, Pylon  
  47  4:08  Gateway  
  48  4:10  Stalker  
  50  4:22  Stalker  
  48  4:24  Probe  
  48  4:25  Probe  
  47  4:36  Probe (Chrono Boost)  
  44  4:39  Probe (Chrono Boost)  
  41  4:48  Probe (Chrono Boost)  
  43  4:55  Probe (Chrono Boost)  
  43  4:56  Probe (Chrono Boost)  
  44  5:02  Probe x2  
  44  5:03  Observer  
  47  5:07  Nexus  
  48  5:15  Probe (Chrono Boost)  
  48  5:18  Probe (Chrono Boost)  
  48  5:20  Assimilator  
  49  5:22  Assimilator  
  49  5:25  Probe (Chrono Boost)  
  49  5:28  Probe (Chrono Boost), Observer  
  52  5:34  Probe (Chrono Boost)  
  53  5:38  Probe (Chrono Boost)  
  53  5:41  Robotics Bay  
  55  5:45  Probe x2 (Chrono Boost), Gateway x2  
  56  5:53  Probe  
  56  5:54  Probe  
  58  5:57  Sentry  
  60  6:05  Probe, Pylon  
  60  6:06  Probe  
  62  6:16  Charge  
  62  6:17  Probe  
  63  6:18  Probe  
  64  6:25  Probe, Pylon  
  64  6:26  Pylon  
  64  6:29  Probe, Colossus (Chrono Boost)  
  64  6:30  Probe  
  73  6:38  Probe  
  74  6:41  Probe, Extended Thermal Lance  
  74  6:43  Probe  
  76  6:52  Gateway  
  76  6:53  Probe x2  
  78  6:55  Probe, Shield Battery  
  78  6:57  Pylon  
  78  6:58  Pylon  
  79  7:02  Sentry  
  79  7:07  Sentry, Zealot x3  
  89  7:09  Observer  
  89  7:12  Colossus (Chrono Boost)  
  95  7:25  Zealot  
  95  7:27  Pylon, Zealot x2  
  95  7:28  Zealot  
  103  7:34  Dark Shrine  
  103  7:36  Zealot  
  105  7:51  Zealot x5  
  115  7:56  Pylon  
  119  8:10  Stalker  
  119  8:11  Zealot x5  

Tags
 
Add a new tag
Caveats
  • Supply blocks, unpowered buildings, or Contaminate may cause inaccurate times.
  • Supply counts are checked every 10 seconds.